 Dungeon Crawl Stone Soup version 0.31-a0-177-g4aa6249778 (webtiles) character file.

Game seed: 16079889278194367040

10140 qw the Skirmisher (level 11, -1/106 HPs)
             Began as a Naga Hunter on June 17, 2023.
             Was an Elder of Okawaru.
             Slain by an elephant (6 damage)
             ... on level 2 of the Lair of Beasts on June 18, 2023.
             The game lasted 00:04:30 (9386 turns).

qw the Skirmisher (Naga Hunter)                     Turns: 9386, Time: 00:04:30

Health: -1/106     AC: 11    Str: 14    XL:     11   Next: 57%
Magic:  14/14      EV: 15    Int:  9    God:    Okawaru [****..]
Gold:   271        SH:  0    Dex: 19    Spells: 10/10 levels left

rFire   . . .        Y - +2 orcbow (heavy)
rCold   . . .        (shield currently unavailable)
rNeg    . . .        l - +2 leather armour {Will+}
rPois   +            (no helmet)
rElec   .            f - +0 cloak
rCorr   .            i - +1 pair of gloves
SInv    +            (no barding)
Will    ++...        a - amulet of faith
Stlth   +++          (no ring)
HPRegen 0.37/turn    (no ring)
MPRegen 0.14/turn

%: faith
@: about to teleport, heroic, very slow
A: AC +3, large, see invisible, deformed body, poison resistance, slowness 2,
spit poison 1, naga tail 1
a: Spit Poison, Renounce Religion, Heroism, Finesse


You were on level 2 of the Lair of Beasts.
You worshipped Okawaru.
Okawaru was greatly pleased with you.
You visited 3 branches of the dungeon, and saw 12 of its levels.

You collected 553 gold pieces.
You spent 282 gold pieces at shops.


Innate Abilities, Weirdness & Mutations

Your serpentine skin is tough. (AC +3)
You have supernaturally acute eyesight. (SInv)
Armour fits poorly on your strangely shaped body.
Your system is resistant to poisons. (rPois)
You cover ground very slowly.
You can spit poison.
You have a snake-like lower body.


   Skills:
 - Level 9.0(14.0) Fighting
 - Level 13.0(18.0) Ranged Weapons
 - Level 2.2(7.2) Armour
 + Level 4.6(9.6) Dodging
 - Level 1.5(6.5) Stealth
 + Level 4.9 Invocations


You had 10 spell levels left.
You didn't know any spells.
Your spell library was empty.

Inventory:

Hand Weapons
 Y - a +2 heavy orcbow (weapon)
Armour
 f - a +0 cloak (worn)
 i - a +1 pair of gloves (worn)
 l - a +2 leather armour of willpower (worn)
Jewellery
 a - an amulet of faith (around neck)
 d - an amulet of regeneration
 n - a ring of positive energy
Wands
 c - a wand of digging (6)
Scrolls
 b - a scroll of identify
 h - a scroll of brand weapon
Potions
 e - 3 potions of mutation
 j - 2 potions of curing
 k - a potion of berserk rage {unknown}
 m - a potion of degeneration {unknown}
 o - a potion of might

Dungeon Overview and Level Annotations

Branches:
Dungeon (9/15)             Temple (1/1) D:6            Lair (1/5) D:9
    Orc: D:9-12

Altars:
Ashenzari
Cheibriados
Dithmenos
Elyvilon
Fedhas
Gozag
Hepliaklqana
Kikubaaqudgha
Makhleb
Nemelex Xobeh
Okawaru
Qazlal
Ru
Sif Muna
Trog
Uskayaw
Vehumet
Wu Jian
Xom
Yredelemnul
Zin
The Shining One

Shops:
D:3 !   D:4 [   D:9 ?

Annotations:
D:5 2 transporters, qw's ghost, novice GrFi
D:6 1 runed translucent door, Crazy Yiuf


Message History

Press: ? - help, Shift-Dir - straight line, f/p - elephant The splash of poison hits the elephant.
The elephant is poisoned.
The elephant is almost dead.
The cane toad completely misses you. The elephant barely misses you.
The elephant trunk-slaps you but does no damage.
The elephant tramples you!
You stumble backwards!
You shoot an arrow. The arrow hits the elephant!!
You kill the elephant!
Okawaru is honoured by your kill.
The cane toad stings you but does no damage.
You shoot an arrow.
The arrow hits the elephant but does no damage.
You have got your breath back.
The cane toad stings you! The elephant closely misses you.
The elephant trunk-slaps you but does no damage.
The blink frog blinks!
9383 ||| INVOKING Spit Poison.
Aiming: Spit Poison (1% risk of failure)
Press: ? - help, Shift-Dir - straight line, f - elephant, p - elephant The splash of poison hits the elephant!
The elephant is poisoned.
The elephant is lightly wounded.
The elephant tramples you!
You stumble backwards!
The elephant tramples you!
You stumble backwards!
You shoot an arrow. The arrow hits the elephant!
The elephant is moderately wounded.
The elephant closely misses you.
The elephant trunk-slaps you but does no damage.
The blink frog hits you. The cane toad stings you!
9385 ||| READING scroll of teleportation.
As you read the scroll of teleportation, it crumbles to dust.
You feel strangely unstable. The blink frog misses you.
The blink frog blinks!
The blink frog completely misses you. The cane toad stings you!
The blink frog hits you but does no damage.
You shoot an arrow. The arrow hits the elephant!!
The elephant is severely wounded.
You have got your breath back.
The blink frog hits you but does no damage.
The elephant closely misses you. x2; The elephant tramples you.
You die...

...... ##.##................
......# #....................
.......###...................
.............................
..[....$.....................
.............................
............F.%..............
...........FF................
......%..¤lF@................
.........%.YY................
............Y................
.........%...................
?............................
......................P###...
.....#................## #.P#
...........#.##.P#.#.# #.##
..........#.########. ###


You could see a skyshark, 3 elephants, a cane toad and 3 blink frogs.

Vanquished Creatures
  Harold (D:9)
  7 elephants
  A black mamba (Lair:1)
  Maggie (D:6)
  3 cane toads (Lair:1)
  A polar bear (Lair:2)
  A troll (D:9)
  Prince Ribbit (D:8)
  4 yaks (D:9)
  2 wyverns
  Eustachio (D:6)
  2 water moccasins
  2 orc warriors
  3 sky beasts
  2 ice beasts
  2 black bears (D:9)
  An ogre (D:4)
  3 centaurs
  3 phantoms
  2 kobold brigands (D:9)
  A gnoll sergeant (D:9)
  2 scorpions
  6 bullfrogs
  3 wights (D:8)
  20 killer bees
  2 howler monkeys
  A hound (D:5)
  A gnoll bouda (D:7)
  3 jellies
  3 iguanas (D:6)
  Natasha (thrice) (D:3)
  7 orc wizards
  8 gnolls
  8 adders
  2 white imps
  A worm (D:3)
  2 dart slugs
  15 orcs
  8 endoplasms
  3 giant cockroaches
  10 goblins
  6 hobgoblins
  10 jackals
  4 quokkas
  8 ball pythons
  6 bats (D:1)
  2 frilled lizards (D:1)
  21 kobolds
  6 rats
215 creatures vanquished.

Notes
Turn   | Place    | Note
-------+----------+-------------------------------------------
     0 | D:1      | qw the Naga Hunter began the quest for the Orb.
     0 | D:1      | Reached XP level 1. HP: 19/19 MP: 1/1
     0 | D:1      | 0 ||| qw: Version: 0.3-a-5-g6f28e65
     0 | D:1      | 0 ||| qw: Game counter: 510
     0 | D:1      | 0 ||| qw: Always use a shield: true
     0 | D:1      | 0 ||| qw: God list: Okawaru
     0 | D:1      | 0 ||| qw: Allow faded altars: false
     0 | D:1      | 0 ||| qw: Do Orc after D:15 true
     0 | D:1      | 0 ||| qw: Do second Lair branch before Depths: true
     0 | D:1      | 0 ||| qw: Lair rune preference: random
     0 | D:1      | 0 ||| qw: Plans: Normal
     0 | D:1      | 0 ||| PLANNING D:1-11
     5 | D:1      | 5 ||| INVOKING Spit Poison.
    31 | D:1      | 31 ||| INVOKING Spit Poison.
    43 | D:1      | 43 ||| INVOKING Spit Poison.
    49 | D:1      | 49 ||| INVOKING Spit Poison.
    75 | D:1      | 75 ||| INVOKING Spit Poison.
   107 | D:1      | 107 ||| INVOKING Spit Poison.
   175 | D:1      | Reached skill level 4 in Ranged Weapons
   175 | D:1      | Reached XP level 2. HP: 26/26 MP: 2/2
   178 | D:1      | 178 ||| INVOKING Spit Poison.
   189 | D:1      | 189 ||| INVOKING Spit Poison.
   193 | D:1      | 193 ||| INVOKING Spit Poison.
   197 | D:1      | 197 ||| INVOKING Spit Poison.
   262 | D:1      | 262 ||| INVOKING Spit Poison.
   303 | D:1      | 303 ||| INVOKING Spit Poison.
   308 | D:1      | 308 ||| INVOKING Spit Poison.
   312 | D:1      | 312 ||| INVOKING Spit Poison.
   335 | D:1      | 335 ||| INVOKING Spit Poison.
   360 | D:1      | 360 ||| INVOKING Spit Poison.
   365 | D:1      | 365 ||| INVOKING Spit Poison.
   366 | D:1      | Reached XP level 3. HP: 32/32 MP: 3/3
   374 | D:1      | 374 ||| INVOKING Spit Poison.
   442 | D:1      | 442 ||| INVOKING Spit Poison.
   494 | D:1      | 494 ||| INVOKING Spit Poison.
   621 | D:1      | 621 ||| INVOKING Spit Poison.
   656 | D:1      | 656 ||| UPGRADING to +0 cloak.
   661 | D:1      | 661 ||| UPGRADING to +1 pair of gloves.
   666 | D:1      | 666 ||| READING 2 scrolls labelled WIRCHU CIOROXT.
   767 | D:1      | 767 ||| READING scroll labelled RINTUA GIVVYE.
   826 | D:1      | 826 ||| READING 3 scrolls labelled GIOPREGOMO.
   827 | D:1      | 827 ||| READING scroll labelled BEAGU SUANISK.
   828 | D:1      | 828 ||| DROPPING scroll of silence.
   829 | D:1      | 829 ||| DROPPING scroll of butterflies.
   830 | D:1      | 830 ||| DROPPING 2 scrolls of poison.
   905 | D:2      | 905 ||| INVOKING Spit Poison.
   911 | D:2      | 911 ||| INVOKING Spit Poison.
   917 | D:2      | 917 ||| INVOKING Spit Poison.
   923 | D:2      | 923 ||| INVOKING Spit Poison.
   994 | D:2      | 994 ||| INVOKING Spit Poison.
   998 | D:2      | Reached skill level 5 in Ranged Weapons
   998 | D:2      | Reached XP level 4. HP: 35/39 MP: 4/4
  1057 | D:2      | 1057 ||| INVOKING Spit Poison.
  1176 | D:2      | 1176 ||| INVOKING Spit Poison.
  1272 | D:2      | 1272 ||| INVOKING Spit Poison.
  1285 | D:2      | 1285 ||| INVOKING Spit Poison.
  1290 | D:2      | 1290 ||| INVOKING Spit Poison.
  1360 | D:2      | 1360 ||| INVOKING Spit Poison.
  1383 | D:2      | 1383 ||| UPGRADING to amulet of regeneration.
  1388 | D:2      | 1388 ||| READING scroll labelled RAOGALOUSE.
  1389 | D:2      | 1389 ||| READING scroll labelled AFOUME JEFU.
  1390 | D:2      | 1390 ||| READING scroll labelled QARIEN GOIXIME.
  1406 | D:3      | 1406 ||| INVOKING Spit Poison.
  1409 | D:3      | 1409 ||| INVOKING Spit Poison.
  1435 | D:3      | 1435 ||| INVOKING Spit Poison.
  1439 | D:3      | 1439 ||| INVOKING Spit Poison.
  1443 | D:3      | 1443 ||| INVOKING Spit Poison.
  1497 | D:3      | Found Evuziror's Distillery.
  1535 | D:3      | Found a hide-covered altar of Uskayaw.
  1535 | D:3      | Noticed Natasha
  1537 | D:3      | 1537 ||| INVOKING Spit Poison.
  1541 | D:3      | Killed Natasha
  1542 | D:3      | Reached skill level 3 in Fighting
  1542 | D:3      | Reached XP level 5. HP: 40/49 MP: 5/5
  1564 | D:3      | Noticed Natasha
  1566 | D:3      | 1566 ||| INVOKING Spit Poison.
  1569 | D:3      | Killed Natasha
  1577 | D:3      | Found a sacrificial altar of Ru.
  1582 | D:3      | 1582 ||| INVOKING Spit Poison.
  1589 | D:3      | 1589 ||| INVOKING Spit Poison.
  1629 | D:3      | Noticed Natasha
  1630 | D:3      | 1630 ||| INVOKING Spit Poison.
  1633 | D:3      | 1633 ||| INVOKING Spit Poison.
  1633 | D:3      | Killed Natasha
  1638 | D:3      | 1638 ||| INVOKING Spit Poison.
  1678 | D:3      | 1678 ||| INVOKING Spit Poison.
  1708 | D:3      | Found a burning altar of Makhleb.
  1720 | D:3      | 1720 ||| INVOKING Spit Poison.
  1723 | D:3      | 1723 ||| INVOKING Spit Poison.
  1747 | D:3      | Found a glowing silver altar of Zin.
  1756 | D:3      | 1756 ||| INVOKING Spit Poison.
  1778 | D:3      | Found a hazy altar of Hepliaklqana.
  1792 | D:3      | 1792 ||| INVOKING Spit Poison.
  1820 | D:3      | 1820 ||| BUYING potion of curing (36 gold).
  1820 | D:3      | Bought a potion of curing for 36 gold pieces
  1820 | D:3      | 1820 ||| BUYING potion of heal wounds (60 gold).
  1820 | D:3      | Bought a potion of heal wounds for 60 gold pieces
  1820 | D:3      | 1820 ||| SHOPLISTING potion of mutation (96 gold, have 50).
  1820 | D:3      | 1820 ||| SHOPLISTING potion of resistance (120 gold, have
                  | 50).
  1842 | D:3      | 1842 ||| READING scroll labelled QANURPH ADOEG.
  1843 | D:3      | 1843 ||| READING scroll labelled RYNOUR RYTIFO.
  1844 | D:3      | 1844 ||| READING scroll labelled IDIEGA WASOVUR.
  1857 | D:3      | 1857 ||| INVOKING Spit Poison.
  1861 | D:3      | 1861 ||| INVOKING Spit Poison.
  1885 | D:4      | Noticed an ogre
  1886 | D:4      | 1886 ||| INVOKING Spit Poison.
  1889 | D:4      | Killed an ogre
  1890 | D:4      | Reached skill level 6 in Ranged Weapons
  1890 | D:4      | Reached XP level 6. HP: 56/56 MP: 6/6
  1895 | D:4      | 1895 ||| INVOKING Spit Poison.
  1906 | D:4      | 1906 ||| INVOKING Spit Poison.
  1911 | D:4      | 1911 ||| INVOKING Spit Poison.
  1915 | D:4      | 1915 ||| INVOKING Spit Poison.
  1937 | D:4      | 1937 ||| INVOKING Spit Poison.
  1947 | D:4      | 1947 ||| INVOKING Spit Poison.
  1958 | D:4      | 1958 ||| INVOKING Spit Poison.
  1961 | D:4      | 1961 ||| INVOKING Spit Poison.
  1967 | D:4      | 1967 ||| INVOKING Spit Poison.
  2015 | D:4      | 2015 ||| Stepping ~*~*~tactically~*~*~ (outnumbered).
  2018 | D:4      | 2018 ||| Stepping ~*~*~tactically~*~*~ (outnumbered).
  2019 | D:4      | 2019 ||| INVOKING Spit Poison.
  2023 | D:4      | 2023 ||| INVOKING Spit Poison.
  2026 | D:4      | 2026 ||| INVOKING Spit Poison.
  2033 | D:4      | 2033 ||| INVOKING Spit Poison.
  2051 | D:4      | 2051 ||| INVOKING Spit Poison.
  2059 | D:4      | Reached XP level 7. HP: 50/64 MP: 7/7
  2091 | D:4      | 2091 ||| READING scroll of enchant weapon.
  2091 | D:4      | 2091 ||| ENCHANTING +1 shortbow.
  2243 | D:4      | 2243 ||| INVOKING Spit Poison.
  2256 | D:4      | 2256 ||| INVOKING Spit Poison.
  2262 | D:4      | 2262 ||| INVOKING Spit Poison.
  2265 | D:4      | Reached skill level 7 in Ranged Weapons
  2314 | D:4      | Found a broken altar of Ashenzari.
  2498 | D:4      | Found Cutetim's Armour Boutique.
  2506 | D:4      | 2506 ||| SHOPLISTING +0 pair of fencer's gloves {Riposte
                  | Dex+3} (480 gold, have 120).
  2506 | D:4      | 2506 ||| SHOPLISTING +0 robe of resistance (332 gold, have
                  | 120).
  2506 | D:4      | 2506 ||| SHOPLISTING +3 leather armour "Loemni Dilu" {rElec
                  | rC+ rN+ Will+} (573 gold, have 120).
  2510 | D:4      | 2510 ||| INVOKING Spit Poison.
  2610 | D:4      | Identified the staff of the Curious Beggars {rPois Stlth+
                  | Poison}
  2616 | D:4      | 2616 ||| UPGRADING to amulet of faith.
  2626 | D:4      | 2626 ||| READING 2 scrolls labelled IPAPNYCSU.
  2627 | D:4      | 2627 ||| READING scroll labelled TEINERO MUHUW.
  2634 | D:5      | Entered Level 5 of the Dungeon
  2640 | D:5      | 2640 ||| INVOKING Spit Poison.
  2643 | D:5      | Reached skill level 1 in Armour
  2679 | D:5      | 2679 ||| SWAPPING to +0 orcbow.
  2680 | D:5      | 2680 ||| DROPPING +2 shortbow.
  2690 | D:5      | 2690 ||| INVOKING Spit Poison.
  2866 | D:5      | Reached XP level 8. HP: 28/72 MP: 8/8
  3041 | D:5      | 3041 ||| READING scroll of enchant weapon.
  3041 | D:5      | 3041 ||| ENCHANTING +0 orcbow.
  3047 | D:5      | Found a transporter.
  3053 | D:5      | 3053 ||| INVOKING Spit Poison.
  3066 | D:5      | 3066 ||| INVOKING Spit Poison.
  3072 | D:5      | 3072 ||| INVOKING Spit Poison.
  3073 | D:5      | Reached skill level 8 in Ranged Weapons
  3083 | D:5      | Found a transporter.
  3083 | D:5      | Noticed qw's ghost (novice GrFi)
  3148 | D:5      | 3148 ||| INVOKING Spit Poison.
  3155 | D:5      | 3155 ||| INVOKING Spit Poison.
  3160 | D:5      | 3160 ||| INVOKING Spit Poison.
  3448 | D:5      | 3448 ||| UPGRADING to +2 leather armour of poison
                  | resistance.
  3458 | D:5      | 3458 ||| DROPPING +0 leather armour.
  3490 | D:6      | Found a staircase to the Ecumenical Temple.
  3491 | D:6      | 3491 ||| PLANNING TEMPLE
  3497 | D:6      | 3497 ||| INVOKING Spit Poison.
  3506 | Temple   | Entered the Ecumenical Temple
  3637 | Temple   | 3637 ||| PLANNING OKAWARU WORSHIP
  3811 | Temple   | Became a worshipper of Warmaster Okawaru
  3812 | Temple   | 3812 ||| PLANNING D:1-11
  3982 | D:6      | 3982 ||| INVOKING Spit Poison.
  3985 | D:6      | 3985 ||| INVOKING Spit Poison.
  4004 | D:6      | 4004 ||| INVOKING Spit Poison.
  4008 | D:6      | 4008 ||| INVOKING Spit Poison.
  4012 | D:6      | 4012 ||| INVOKING Spit Poison.
  4079 | D:6      | 4079 ||| Stepping ~*~*~tactically~*~*~ (outnumbered).
  4080 | D:6      | 4080 ||| INVOKING Spit Poison.
  4084 | D:6      | 4084 ||| DRINKING 3 potions of curing.
  4084 | D:6      | 4084 ||| (to cure confusion)
  4085 | D:6      | 4085 ||| INVOKING Spit Poison.
  4085 | D:6      | Reached * piety under Okawaru
  4087 | D:6      | 4087 ||| DRINKING 2 potions of curing.
  4087 | D:6      | 4087 ||| (to cure confusion)
  4088 | D:6      | 4088 ||| INVOKING Spit Poison.
  4128 | D:6      | 4128 ||| INVOKING Spit Poison.
  4131 | D:6      | Reached skill level 1 in Invocations
  4149 | D:6      | Reached skill level 9 in Ranged Weapons
  4375 | D:6      | 4375 ||| INVOKING Spit Poison.
  4375 | D:6      | Noticed Maggie
  4378 | D:6      | 4378 ||| Stepping ~*~*~tactically~*~*~ (outnumbered).
  4380 | D:6      | 4380 ||| INVOKING Spit Poison.
  4384 | D:6      | 4384 ||| INVOKING Heroism.
  4385 | D:6      | 4385 ||| INVOKING Spit Poison.
  4390 | D:6      | 4390 ||| INVOKING Spit Poison.
  4396 | D:6      | HP: 13/74 [Maggie/bolt of fire (15)]
  4397 | D:6      | 4397 ||| READING scroll of teleportation.
  4397 | D:6      | Killed Maggie
  4398 | D:6      | Reached skill level 3 in Invocations
  4398 | D:6      | Reached XP level 9. HP: 15/82 MP: 8/11
  4646 | D:6      | 4646 ||| INVOKING Heroism.
  4666 | D:6      | 4666 ||| INVOKING Spit Poison.
  4674 | D:6      | Noticed Eustachio
  4675 | D:6      | 4675 ||| INVOKING Heroism.
  4676 | D:6      | 4676 ||| INVOKING Spit Poison.
  4681 | D:6      | Killed Eustachio
  4878 | D:6      | Found a runed translucent door.
  4879 | D:6      | Noticed Crazy Yiuf
  4882 | D:6      | 4882 ||| UPGRADING to +2 leather armour of willpower.
  4892 | D:6      | 4892 ||| DROPPING +2 leather armour of poison resistance.
  4893 | D:6      | 4893 ||| READING 3 scrolls of identify.
  4893 | D:6      | 4893 ||| IDENTIFYING fuming purple potion
  4894 | D:6      | 4894 ||| READING 2 scrolls of identify.
  4894 | D:6      | 4894 ||| IDENTIFYING coppery potion
  4895 | D:6      | 4895 ||| DROPPING potion of brilliance.
  4950 | D:7      | 4950 ||| INVOKING Spit Poison.
  4956 | D:7      | 4956 ||| INVOKING Spit Poison.
  4957 | D:7      | Reached skill level 3 in Dodging
  5026 | D:7      | Reached ** piety under Okawaru
  5030 | D:7      | Reached skill level 6 in Fighting
  5031 | D:7      | 5031 ||| INVOKING Spit Poison.
  5035 | D:7      | 5035 ||| INVOKING Spit Poison.
  5061 | D:7      | 5061 ||| INVOKING Spit Poison.
  5087 | D:7      | Identified the +10 hand axe of Punishment {venom, rC- rN+
                  | Will+++ Stlth+}
  5220 | D:7      | 5220 ||| INVOKING Spit Poison.
  5261 | D:7      | Identified the +1 dagger "Eropt" {venom, rN+ Int+4}
  5274 | D:7      | 5274 ||| INVOKING Spit Poison.
  5277 | D:7      | 5277 ||| INVOKING Spit Poison.
  5279 | D:7      | 5279 ||| INVOKING Heroism.
  5282 | D:7      | 5282 ||| INVOKING Spit Poison.
  5291 | D:7      | 5291 ||| INVOKING Spit Poison.
  5298 | D:7      | 5298 ||| INVOKING Heroism.
  5299 | D:7      | 5299 ||| INVOKING Spit Poison.
  5304 | D:7      | 5304 ||| INVOKING Spit Poison.
  5383 | D:7      | 5383 ||| INVOKING Heroism.
  5428 | D:7      | 5428 ||| INVOKING Spit Poison.
  5434 | D:7      | 5434 ||| INVOKING Spit Poison.
  5435 | D:7      | 5435 ||| INVOKING Heroism.
  5511 | D:7      | Found a shimmering altar of Xom.
  5673 | D:7      | Found a blossoming altar of Fedhas.
  5692 | D:7      | Found a shadowy altar of Dithmenos.
  6050 | D:7      | 6050 ||| Stepping randomly (stuck).
  6093 | D:8      | 6093 ||| INVOKING Spit Poison.
  6098 | D:8      | Reached skill level 10 in Ranged Weapons
  6098 | D:8      | 6098 ||| INVOKING Spit Poison.
  6103 | D:8      | 6103 ||| INVOKING Spit Poison.
  6106 | D:8      | 6106 ||| INVOKING Heroism.
  6107 | D:8      | 6107 ||| INVOKING Spit Poison.
  6116 | D:8      | 6116 ||| INVOKING Spit Poison.
  6120 | D:8      | 6120 ||| INVOKING Spit Poison.
  6121 | D:8      | 6121 ||| INVOKING Spit Poison.
  6216 | D:8      | 6216 ||| INVOKING Heroism.
  6518 | D:8      | 6518 ||| INVOKING Heroism.
  6519 | D:8      | 6519 ||| INVOKING Spit Poison.
  6526 | D:8      | 6526 ||| INVOKING Spit Poison.
  6552 | D:8      | 6552 ||| INVOKING Spit Poison.
  6556 | D:8      | Reached XP level 10. HP: 80/94 MP: 13/13
  6610 | D:8      | Noticed Prince Ribbit
  6611 | D:8      | 6611 ||| INVOKING Spit Poison.
  6617 | D:8      | 6617 ||| INVOKING Spit Poison.
  6618 | D:8      | 6618 ||| INVOKING Heroism.
  6624 | D:8      | 6624 ||| INVOKING Spit Poison.
  6624 | D:8      | Killed Prince Ribbit
  6722 | D:8      | 6722 ||| INVOKING Spit Poison.
  6726 | D:8      | 6726 ||| INVOKING Spit Poison.
  6730 | D:8      | 6730 ||| INVOKING Spit Poison.
  6738 | D:8      | 6738 ||| INVOKING Spit Poison.
  6746 | D:8      | 6746 ||| INVOKING Heroism.
  6747 | D:8      | 6747 ||| INVOKING Spit Poison.
  6995 | D:8      | 6995 ||| INVOKING Spit Poison.
  7000 | D:8      | Reached skill level 11 in Ranged Weapons
  7234 | D:8      | 7234 ||| READING 2 scrolls of identify.
  7234 | D:8      | 7234 ||| IDENTIFYING grey potion
  7235 | D:8      | 7235 ||| DROPPING potion of invisibility.
  7250 | D:9      | 7250 ||| INVOKING Spit Poison.
  7254 | D:9      | 7254 ||| INVOKING Spit Poison.
  7261 | D:9      | 7261 ||| INVOKING Spit Poison.
  7262 | D:9      | 7262 ||| INVOKING Heroism.
  7268 | D:9      | 7268 ||| INVOKING Spit Poison.
  7268 | D:9      | HP: 23/94 [killer bee (5)]
  7269 | D:9      | 7269 ||| READING scroll of teleportation.
  7271 | D:9      | 7271 ||| DRINKING 2 potions of heal wounds.
  7273 | D:9      | 7273 ||| INVOKING Spit Poison.
  7273 | D:9      | HP: 21/94 [yak (8)]
  7274 | D:9      | 7274 ||| DRINKING potion of heal wounds.
  7274 | D:9      | Found Kefosynn's Magic Scroll Shop.
  7399 | D:9      | 7399 ||| BUYING 2 scrolls of teleportation (72 gold).
  7399 | D:9      | Bought 2 scrolls of teleportation for 72 gold pieces
  7399 | D:9      | 7399 ||| BUYING scroll of enchant weapon (90 gold).
  7399 | D:9      | Bought a scroll of enchant weapon for 90 gold pieces
  7399 | D:9      | 7399 ||| BUYING scroll of identify (24 gold).
  7399 | D:9      | Bought a scroll of identify for 24 gold pieces
  7399 | D:9      | 7399 ||| READING scroll of enchant weapon.
  7399 | D:9      | 7399 ||| ENCHANTING +1 orcbow.
  7416 | D:9      | 7416 ||| INVOKING Spit Poison.
  7446 | D:9      | 7446 ||| INVOKING Spit Poison.
  7464 | D:9      | 7464 ||| INVOKING Spit Poison.
  7471 | D:9      | 7471 ||| INVOKING Spit Poison.
  7475 | D:9      | 7475 ||| INVOKING Heroism.
  7521 | D:9      | Found a staircase to the Lair.
  7523 | D:9      | Noticed an elephant
  7526 | D:9      | 7526 ||| INVOKING Spit Poison.
  7529 | D:9      | 7529 ||| INVOKING Spit Poison.
  7532 | D:9      | Killed an elephant
  7534 | D:9      | 7534 ||| INVOKING Spit Poison.
  7537 | D:9      | 7537 ||| INVOKING Heroism.
  7540 | D:9      | 7540 ||| INVOKING Spit Poison.
  7548 | D:9      | 7548 ||| INVOKING Spit Poison.
  7617 | D:9      | 7617 ||| INVOKING Spit Poison.
  7630 | D:9      | 7630 ||| INVOKING Spit Poison.
  7634 | D:9      | 7634 ||| Stepping ~*~*~tactically~*~*~ (outnumbered).
  7636 | D:9      | 7636 ||| INVOKING Spit Poison.
  7644 | D:9      | 7644 ||| INVOKING Spit Poison.
  7741 | D:9      | 7741 ||| INVOKING Heroism.
  7745 | D:9      | 7745 ||| INVOKING Spit Poison.
  7825 | D:9      | 7825 ||| INVOKING Spit Poison.
  7854 | D:9      | 7854 ||| INVOKING Spit Poison.
  7921 | D:9      | 7921 ||| INVOKING Spit Poison.
  7928 | D:9      | 7928 ||| INVOKING Spit Poison.
  8008 | D:9      | 8008 ||| INVOKING Spit Poison.
  8015 | D:9      | 8015 ||| INVOKING Spit Poison.
  8020 | D:9      | 8020 ||| INVOKING Spit Poison.
  8026 | D:9      | 8026 ||| INVOKING Spit Poison.
  8146 | D:9      | 8146 ||| INVOKING Spit Poison.
  8152 | D:9      | 8152 ||| INVOKING Spit Poison.
  8157 | D:9      | 8157 ||| INVOKING Heroism.
  8158 | D:9      | 8158 ||| INVOKING Spit Poison.
  8164 | D:9      | 8164 ||| INVOKING Spit Poison.
  8171 | D:9      | 8171 ||| INVOKING Spit Poison.
  8175 | D:9      | 8175 ||| INVOKING Spit Poison.
  8175 | D:9      | Reached *** piety under Okawaru
  8416 | D:9      | Noticed Harold
  8417 | D:9      | 8417 ||| INVOKING Heroism.
  8421 | D:9      | 8421 ||| INVOKING Spit Poison.
  8431 | D:9      | 8431 ||| INVOKING Spit Poison.
  8441 | D:9      | 8441 ||| INVOKING Spit Poison.
  8441 | D:9      | Killed Harold
  8442 | D:9      | Reached skill level 12 in Ranged Weapons
  8443 | D:9      | HP: 24/96 [gnoll sergeant/+4 antimagic spear (4)]
  8444 | D:9      | 8444 ||| READING 2 scrolls of teleportation.
  8447 | D:9      | HP: 7/96 [gnoll sergeant/+4 antimagic spear (6)]
  8447 | D:9      | HP: 1/96 [gnoll/+0 whip[a gnoll sergeant] (6)]
  8489 | D:9      | 8489 ||| INVOKING Heroism.
  8490 | D:9      | 8490 ||| INVOKING Spit Poison.
  8494 | D:9      | 8494 ||| READING scroll of teleportation.
  8497 | D:9      | Reached XP level 11. HP: 20/103 MP: 4/14
  8498 | D:9      | 8498 ||| INVOKING Spit Poison.
  8844 | D:9      | 8844 ||| PLANNING LAIR
  8844 | D:9      | 8844 ||| READING 2 scrolls labelled EDAWOR ROOVYRUSE.
  8845 | D:9      | 8845 ||| READING 3 scrolls of identify.
  8845 | D:9      | 8845 ||| IDENTIFYING green potion
  8846 | D:9      | 8846 ||| READING 2 scrolls of identify.
  8846 | D:9      | 8846 ||| IDENTIFYING silvery potion
  8847 | D:9      | 8847 ||| DROPPING potion of lignification.
  8895 | Lair:1   | Entered Level 1 of the Lair of Beasts
  8896 | Lair:1   | 8896 ||| INVOKING Heroism.
  8921 | Lair:1   | 8921 ||| INVOKING Heroism.
  8926 | Lair:1   | 8926 ||| INVOKING Spit Poison.
  8972 | Lair:1   | 8972 ||| INVOKING Heroism.
  9122 | Lair:1   | 9122 ||| INVOKING Heroism.
  9136 | Lair:1   | You fall into a shaft and drop 1 floor!
  9167 | Lair:2   | 9167 ||| INVOKING Heroism.
  9168 | Lair:2   | 9168 ||| INVOKING Spit Poison.
  9171 | Lair:2   | 9171 ||| INVOKING Spit Poison.
  9173 | Lair:2   | Reached skill level 13 in Ranged Weapons
  9203 | Lair:2   | 9203 ||| INVOKING Spit Poison.
  9206 | Lair:2   | 9206 ||| INVOKING Spit Poison.
  9210 | Lair:2   | 9210 ||| INVOKING Heroism.
  9211 | Lair:2   | 9211 ||| INVOKING Spit Poison.
  9215 | Lair:2   | 9215 ||| INVOKING Spit Poison.
  9219 | Lair:2   | Reached **** piety under Okawaru
  9369 | Lair:2   | 9369 ||| INVOKING Spit Poison.
  9370 | Lair:2   | 9370 ||| INVOKING Heroism.
  9373 | Lair:2   | 9373 ||| INVOKING Spit Poison.
  9379 | Lair:2   | Reached skill level 9 in Fighting
  9379 | Lair:2   | Noticed a skyshark
  9380 | Lair:2   | 9380 ||| INVOKING Spit Poison.
  9383 | Lair:2   | 9383 ||| INVOKING Spit Poison.
  9384 | Lair:2   | HP: 19/106 [cane toad (13)]
  9385 | Lair:2   | 9385 ||| READING scroll of teleportation.
  9385 | Lair:2   | HP: 5/106 [cane toad (14)]
  9386 | Lair:2   | Slain by an elephant

Levels and vault maps discovered:
D:1:      minmay_arrival_radiant_lines, layout_loops_ring,
          dreamdust_princess_corridor
D:2:      layout_basic
D:3:      layout_rooms, lemuel_doored_altar, mainiacjoe_overflow_tiny_flanked,
          lemuel_tele_altar, lemuel_round_altar, bloody_makhleb, serial_shops,
          nicolae_shop_window_shopping, uniq_natasha
D:4:      minmay_spotlight, layout_basic, mainiacjoe_overflow_brackets,
          serial_shops, shop
D:5:      layout_rooms, gammafunk_ghost_arena
D:6:      layout_basic, minmay_temple_entry_glass, uniq_crazy_yiuf_cottage,
          uniq_maggie, uniq_eustachio
D:7:      layout_basic, tgw_xom, mainiacjoe_overflow_swirl, minivault_25
D:8:      nicolae_cairo_tiling, layout_basic, minmay_misc_feat_tower,
          uniq_prince_ribbit1
D:9:      layout_small_grid, david_lair_generic, enter_bailey_5, serial_shops,
          shop, uniq_harold
Temple:   oiseaux_autumnal_temple
Lair:1:   layout_regular_city, gammafunk_ghost_cemetery,
          nicolae_lair_grove_arrangements, grunt_megastairs_4
Lair:2:   layout_cave_shapes, swamp_mist, minmay_snake_entry_spellcaster,
          grunt_megastairs_5

Skill      XL: |  1  2  3  4  5  6  7  8  9 10 11 |
---------------+----------------------------------+-----
Ranged Weapons | 4 5 6 7 9 10 12 13 | 13.0
Fighting       | 3 4 5 7 8 9 |  9.0
Dodging        | 2 3 4 |  4.6
Armour         | 1 2 |  2.2
Invocations    | 3 4 |  4.9
Stealth        | |  1.5

Action                     |  1- 3 |  4- 6 |  7- 9 | 10-12 || total
---------------------------+-------+-------+-------+-------++-------
   Fire: Shortbow          |    76 |   121 |    26 |       ||   223
         Orcbow            |       |       |   256 |   247 ||   503
 Invoke: Heroism           |       |       |    10 |    16 ||    26
Ability: Spit Poison       |    26 |    40 |    51 |    58 ||   175
    Use: Scroll            |     4 |     6 |     7 |     9 ||    26
         Potion            |       |       |     2 |     2 ||     4
 Armour: Leather armour    |    16 |    20 |    68 |   103 ||   207
  Dodge: Dodged            |    27 |    19 |   103 |   176 ||   325

Table legend:
 A = Non-vault XP
 B = Vault XP
 C = Vault XP percentage of total XP
 D = Non-vault monster count
 E = Vault monster count
 F = Vault count percentage of total count
                 A         B        C        D         E       F
            +---------+---------+-------+---------+---------+-------
      Total |   11410 |    3077 |  21.2 |     193 |      22 |  10.2
            +---------+---------+-------+---------+---------+-------
        D:1 |      48 |       0 |   0.0 |      30 |       0 |   0.0
        D:2 |      65 |       0 |   0.0 |      18 |       0 |   0.0
        D:3 |     111 |      35 |  24.0 |      18 |       1 |   5.3
        D:4 |     540 |     105 |  16.3 |      20 |       3 |  13.0
        D:5 |     576 |       0 |   0.0 |      13 |       0 |   0.0
        D:6 |     851 |     606 |  41.6 |      14 |       2 |  12.5
        D:7 |     632 |     236 |  27.2 |       9 |       6 |  40.0
        D:8 |    1367 |     264 |  16.2 |      20 |       1 |   4.8
        D:9 |    2055 |    1831 |  47.1 |      38 |       9 |  19.1
     Lair:1 |    1765 |       0 |   0.0 |       5 |       0 |   0.0
     Lair:2 |    3400 |       0 |   0.0 |       8 |       0 |   0.0
            +---------+---------+-------+---------+---------+-------
